 Dungeon Crawl Stone Soup version 0.23.2-1-ga50397a (webtiles) character file.

Game seed: 13018556607923466586

159 Fang the Skirmisher (level 5, 0/33 HPs)
             Began as a Gargoyle Berserker on May 16, 2019.
             Was a Believer of Trog.
             Slain by an orc
             ... wielding a +0 trident
              (5 damage)
             ... on level 3 of the Dungeon.
             The game lasted 00:02:41 (1899 turns).

Fang the Skirmisher (Gargoyle Berserker)            Turns: 1899, Time: 00:02:41

Health: 0/33       AC:  7    Str: 22    XL:     5   Next: 40%
Magic:  5/5        EV: 12    Int:  7    God:    Trog [**....]
Gold:   141        SH:  0    Dex:  9    Spells: 4/4 levels left

rFire    . . .     SeeInvis .   a - +0 hand axe
rCold    . . .     Gourm    .   (no shield)
rNeg     + . .     Faith    .   b - +1 animal skin
rPois    ∞         Spirit   .   (no helmet)
rElec    +         Reflect  .   (no cloak)
rCorr    .         Harm     .   (no gloves)
MR       .....     Rnd*Tele +   (no boots)
Stlth    +.........             (no amulet)
HPRegen  0.11/turn              j - ring of teleportation (curse)
MPRegen  0.09/turn              (no ring)

@: no status effects
A: negative energy resistance 1, electricity resistance, unbreathing,
petrification resistance, rot immunity, AC +4
a: Berserk, Trog's Hand, Renounce Religion


You were on level 3 of the Dungeon.
You worshipped Trog.
Trog was pleased with you.
You were not hungry.

You visited 1 branch of the dungeon, and saw 3 of its levels.

You collected 141 gold pieces.

Inventory:

Hand Weapons
 a - a +0 hand axe (weapon)
Armour
 b - a +1 animal skin (worn)
Jewellery
 f - an uncursed amulet of the gourmand {unknown}
 j - a cursed ring of teleportation (left hand)
Scrolls
 e - 6 scrolls of identify
Potions
 d - a potion of agility
 g - a potion of heal wounds {unknown}
 h - a potion of berserk rage {unknown}
 k - a potion of haste {unknown}
Comestibles
 c - 4 rations
 i - 3 chunks of flesh


   Skills:
 + Level 4.3 Fighting
 + Level 3.5 Axes
 + Level 3.5 Armour
 + Level 2.5 Dodging


You had 4 spell levels left.
You didn't know any spells.
Your spell library was empty.

Dungeon Overview and Level Annotations

Branches:
Dungeon (3/15)

Altars:
Ashenzari
Nemelex Xobeh


Innate Abilities, Weirdness & Mutations

You are resistant to torment.
Your stone body is resilient. (AC +4)
You are immune to poison.
You resist negative energy. (rN+)
You are resistant to electric shocks. (rElec)
You can survive without breathing.
You are immune to petrification.
You are immune to rotting.


Message History

You kill the orc!
Trog accepts your kill. The orc barely misses you.
The orc hits you from afar with a +0 trident!
You are too injured to fight recklessly!
You are too injured to fight recklessly!
You are too injured to fight recklessly!
You are too injured to fight recklessly!
You are too injured to fight recklessly!
You are too injured to fight recklessly!
You are too injured to fight recklessly!
You are too injured to fight recklessly!
You are too injured to fight recklessly!
You are too injured to fight recklessly!
You are too injured to fight recklessly!
The orc barely misses you. The orc hits you with a +0 trident.
You barely miss the orc. You hit the orc. The orc hits you with a +0 trident.
* * * LOW HITPOINT WARNING * * *
The orc hits you with a +0 trident.
You die...

......##...###..#
................# .#
......##...##...####...#
.......#..... #........
.......########.####.#.#
........................
..........).###..#.#.#.#
............# #....#
#####.......# #)@†.#
#.......# #oo....#
#.............####
#..............
#..............#
........#.. ........'...
#.......#....


You could see 2 orcs.

Vanquished Creatures
  2 hounds (D:2)
  3 adders
  An ooze (D:1)
  A worm (D:2)
  2 dart slugs (D:1)
  3 leopard geckos
  4 orcs (D:3)
  5 giant cockroaches
  2 goblins
  7 hobgoblins
  4 jackals (D:2)
  3 kobolds
  2 quokkas (D:3)
  4 bats
  8 frilled lizards
  A jackal skeleton (D:2)
  2 rats
54 creatures vanquished.

Notes
Turn   | Place    | Note
-------+----------+-------------------------------------------
     0 | D:1      | Fang the Gargoyle Berserker began the quest for the Orb.
     0 | D:1      | Reached XP level 1. HP: 14/14 MP: 1/1
    23 | D:1      | Reached XP level 2. HP: 12/19 MP: 2/2
   300 | D:1      | Reached XP level 3. HP: 15/23 MP: 3/3
   472 | D:1      | Reached ** piety under Trog
   862 | D:2      | Reached XP level 4. HP: 12/29 MP: 4/4
  1123 | D:2      | Reached skill level 4 in Fighting
  1292 | D:2      | Found a sparkling altar of Nemelex Xobeh.
  1370 | D:2      | Reached XP level 5. HP: 30/33 MP: 5/5
  1586 | D:2      | Found a shattered altar of Ashenzari.
  1899 | D:3      | Slain by an orc

Skill      XL: |  1  2  3  4 |
---------------+-------------+-----
Axes           | 3 |  3.5
Dodging        | 2 |  2.5
Armour         | 3 |  3.5
Fighting       | 4 |  4.3

Action                   |  1- 3 |  4- 6 || total
-------------------------+-------+-------++-------
Melee: Hand axe          |    91 |   114 ||   205
Invok: Berserk           |     1 |       ||     1
  Use: Scroll            |       |     3 ||     3
  Eat: Chunk             |       |     4 ||     4
Armor: Animal skin       |    43 |    58 ||   101
Dodge: Dodged            |    57 |    93 ||   150
